 Dungeon Crawl Stone Soup version 0.19-a0-1792-g28b16ba (webtiles) character file.

364 pokedragonboy the Skirmisher (level 6, 0/56 HPs)
             Began as a Minotaur Fighter on Oct 4, 2016.
             Was an Initiate of Okawaru.
             Slain by an orc
             ... wielding a cursed +0 falchion
              (1 damage)
             ... on level 4 of the Dungeon.
             The game lasted 00:07:27 (2599 turns).

pokedragonboy the Skirmisher (Minotaur Fighter)     Turns: 2599, Time: 00:07:28

Health: 0/56       AC: 11    Str: 30    XL:     6   Next: 39%
Magic:  5/5        EV:  7    Int:  5    God:    Okawaru [......]
Gold:   229        SH: 10    Dex: 10    Spells: 0 memorised, 5 levels left

rFire  . . .     SeeInvis .     a - +0 long sword
rCold  . . .     Gourm    .     q - +0 chain mail
rNeg   . . .     Faith    .     c - +0 shield
rPois  .         Spirit   .     (helmet restricted)
rElec  .         Dismiss  .     (no cloak)
rCorr  .         Reflect  .     n - +0 pair of gloves
MR     .....     Harm     .     (no boots)
Stlth  ..........               (no amulet)
                                j - +3 ring of strength
                                s - ring of loudness (curse)

@: mighty
A: retaliatory headbutt, horns 2
a: Renounce Religion


You were on level 4 of the Dungeon.
You worshipped Okawaru.
Okawaru was noncommittal.
You were full.

You visited 2 branches of the dungeon, and saw 5 of its levels.

You collected 229 gold pieces.

Inventory:

Hand Weapons
 a - a +0 long sword (weapon)
Armour
 c - a +0 shield (worn)
 n - a +0 pair of gloves (worn)
 q - a +0 chain mail (worn)
Jewellery
 i - an uncursed ring of protection from magic
 j - a +3 ring of strength (right hand)
 s - a cursed ring of loudness (left hand)
Wands
 k - a wand of polymorph (3/24)
Potions
 d - a potion of might
 h - a potion of degeneration {unknown}
 m - a potion of ambrosia
 o - 2 potions of flight
Books
 l - a book of Burglary

   Spells                             Type                      Level
   a - Swiftness                      Charms/Air                   2
   b - Passwall                       Transmutation/Earth          2
   c - Passage of Golubria            Translocation                4
   d - Lee's Rapid Deconstruction     Earth                        5
   e - Darkness                       Hexes                        6
   f - Invisibility                   Hexes                        6
Comestibles
 f - 2 bread rations
 g - a beef jerky


   Skills:
 * Level 5.4 Fighting
 * Level 4.3 Long Blades
 + Level 5.2 Armour
 + Level 2.2 Dodging
 + Level 4.8 Shields
 - Level 0.2 Unarmed Combat


You had 5 spell levels left.
You didn't know any spells.

Dungeon Overview and Level Annotations

Branches:
Dungeon (4/15)             Temple (1/1) D:4

Altars:
Ashenzari
Cheibriados
Dithmenos
Elyvilon
Fedhas
Gozag
Hepliaklqana
Kikubaaqudgha
Makhleb
Nemelex Xobeh
Okawaru
Qazlal
Ru
Sif Muna
Trog
Uskayaw
Vehumet
Xom
Yredelemnul
Zin
The Shining One


Innate Abilities, Weirdness & Mutations

You reflexively headbutt those who attack you in melee.
You have a pair of horns on your head.


Message History

Unknown command.
You hit the ogre.
The ogre is severely wounded.
You block the orc's attack.
The worker ant bites you but does no damage.
The ogre hits you with a giant club!
* * * LOW HITPOINT WARNING * * *
You block the orc's attack.
You slash the ogre!
You kill the ogre!
Okawaru is honoured by your kill. The worker ant closely misses you.
You riposte.
You closely miss the worker ant. You headbutt the worker ant!
The worker ant is almost dead.
The worker ant bites you but does no damage.
The orc hits you but does no damage.
You barely miss the worker ant.
The worker ant is almost dead.
The worker ant closely misses you. The orc hits you with a falchion.
You die...

##......# ........#
#........ .......>+
....... ........# .....
........# #...# +##
........# #...###.%###
........# #...#....!..
........#####...#o......
........'...'...@a......
........#####...#)......
.......## #...#.......
####.### #...#.......
#.. ..####.[..... ## ...
....... .... .......
.... .......


You could see a worker ant and an orc.

Vanquished Creatures
  An ogre (D:4)
  2 orc priests (D:4)
  An orc wizard (D:3)
  Ijyb (D:2)
  9 adders
  4 dart slugs
  A leopard gecko (D:2)
  6 orcs (D:3)
  A ball python (D:1)
  5 giant cockroaches
  12 goblins
  4 hobgoblins
  6 jackals
  4 bats
  6 frilled lizards
  10 kobolds
  4 rats
77 creatures vanquished.

Notes
Turn   | Place    | Note
-------+----------+-------------------------------------------
     0 | D:1      | pokedragonboy the Minotaur Fighter began the quest for the Orb.
     0 | D:1      | Reached XP level 1. HP: 19/19 MP: 0/0
   254 | D:1      | Reached XP level 2. HP: 27/27 MP: 1/1
   630 | D:2      | Noticed Ijyb
   661 | D:2      | Killed Ijyb
   661 | D:2      | Reached XP level 3. HP: 12/33 MP: 2/2
   951 | D:2      | Reached XP level 4. HP: 32/41 MP: 3/3
  1160 | D:2      | Reached skill level 1 in Dodging
  1682 | D:3      | Reached XP level 5. HP: 44/47 MP: 4/4
  2079 | D:3      | Reached skill level 5 in Armour
  2313 | D:3      | Reached skill level 5 in Fighting
  2392 | D:4      | Found a staircase to the Ecumenical Temple.
  2410 | Temple   | Entered the Ecumenical Temple
  2462 | Temple   | Became a worshipper of Warmaster Okawaru
  2583 | D:4      | Noticed an ogre
  2591 | D:4      | Reached XP level 6. HP: 19/56 MP: 5/5
  2597 | D:4      | HP: 1/56 [ogre/giant club (8)]
  2599 | D:4      | Slain by an orc

Vault maps used:
D:1:      dpeg_arrival_refuge, minmay_distorted
D:2:      kennysheep_the_goblin_king, minmay_misc_feat_plants,
          hangedman_abyss_or_decor_lesser_grid, minmay_misc_feat_encased,
          hangedman_decor_clover_reticule, minmay_tiny_reverse_x
D:4:      serial_shops, nicolae_shop_statue_plus, first_bread, enter_ossuary_1,
          uniq_edmund
Temple:   kilobyte_greek_temple

Skill      XL: |  1  2  3  4  5 |
---------------+----------------+-----
Armour         | 4 5 |  5.2
Fighting       | 4 5 |  5.4
Shields        | 4 |  4.8
Long Blades    | 3 4 |  4.3
Dodging        | 1 2 |  2.2
Unarmed Combat | |  0.2

Action                   |  1- 3 |  4- 6 || total
-------------------------+-------+-------++-------
Melee: Long sword        |    52 |   132 ||   184
       Headbutt          |    11 |    24 ||    35
       Unarmed           |    21 |       ||    21
  Use: Scroll            |     3 |     4 ||     7
       Potion            |       |     2 ||     2
  Eat: Chunk             |       |     5 ||     5
       Meat ration       |       |     1 ||     1
Armor: Scale mail        |    25 |    51 ||    76
       Chain mail        |       |    24 ||    24
Dodge: Dodged            |    21 |    56 ||    77
Block: Shield            |    14 |    86 ||   100
       Rpst.: Long sword |     1 |    15 ||    16
